 Dungeon Crawl Stone Soup version 0.25.1-2-g60ff931df9 (webtiles) character file.

Game seed: 3871244161277049089

2639 snowfan the Thaumaturge (level 9, 0/60 HPs)
             Began as a Deep Elf Fire Elementalist on Nov 7, 2020.
             Was an Initiate of Vehumet.
             Slain by a killer bee (5 damage)
             ... on level 7 of the Dungeon on Nov 8, 2020.
             The game lasted 00:36:41 (8060 turns).

snowfan the Thaumaturge (DEFE)                      Turns: 8060, Time: 00:36:42

Health: 0/60       AC: 24    Str:  2 (5)  XL:     9   Next: 35%
Magic:  15/25      EV:  2    Int: 22 (24) God:    Vehumet [......]
Gold:   296        SH:  0    Dex: 13 (15) Spells: 9/28 levels left

rFire    + . .     SeeInvis .   h - +1 short sword
rCold    x . .     Gourm    .   (no shield)
rNeg     + + +     Faith    .   (armour currently unavailable)
rPois    +         Spirit   .   (helmet currently unavailable)
rElec    .         Reflect  .   (cloak currently unavailable)
rCorr    .         Harm     .   (gloves currently unavailable)
MR       .....     Clarity  +   (boots currently unavailable) Stlth ++........NoTele +
                                s - amulet of the acrobat
HPRegen  0.20/turn              w - ring of fire
MPRegen  0.19/turn              (no ring)

@: lethally poisoned (0 -> -7), tree-form
A: clarity, frail 1, subdued magic 1
a: Renounce Religion


You were on level 7 of the Dungeon.
You worshipped Vehumet.
Vehumet was noncommittal.
You were not hungry.
You were a tree.
You visited 2 branches of the dungeon, and saw 8 of its levels.

You collected 438 gold pieces.
You spent 142 gold pieces at shops.

Inventory:

Hand Weapons
 h - a +1 short sword (weapon)
 A - a +4 trident of protection
 C - a +1 dagger of venom
Missiles
 g - 257 stones (quivered)
 n - 35 sling bullets
 r - 2 throwing nets
Armour
 a - a +0 robe (melded)
 q - a +2 pair of gloves of strength (melded)
 u - a +2 pair of boots (melded)
 D - a scarf of invisibility (melded)
Jewellery
 s - an amulet of the acrobat (around neck)
 w - a ring of fire (left branch)
Wands
 m - a wand of random effects (27)
 v - a wand of acid (3)
 E - a wand of flame (24)
 F - a wand of polymorph (7)
Scrolls
 b - 3 scrolls of enchant weapon
 d - 4 scrolls of teleportation
 e - 2 scrolls of immolation {unknown}
 l - 2 scrolls of identify
 o - 2 scrolls of fog {unknown}
 t - 3 scrolls of remove curse {unknown}
 y - a scroll of amnesia {unknown}
Potions
 j - a potion of curing {unknown}
 p - 2 potions of might
 z - 2 potions of flight
 H - a potion of stabbing {unknown}
Comestibles
 c - 8 rations


   Skills:
 - Level 2.4 Dodging
 - Level 2.4 Stealth
 - Level 10.0 Spellcasting
 * Level 6.4 Conjurations
 + Level 9.7 Fire Magic
 + Level 2.4 Poison Magic


You had 9 spell levels left.
You knew the following spells:

 Your Spells              Type           Power        Failure   Level  Hunger
a - Foxfire               Conj/Fire      ####         1%          1    None
c - Sticky Flame          Conj/Fire      ######..     1%          4    ##.....
f - Fireball              Conj/Fire      ######....   4%          5    ####...
m - Mephitic Cloud        Conj/Pois/Air  ###.....     4%          3    None
s - Conjure Flame         Conj/Fire      ######..     1%          3    None
x - Inner Flame           Hex/Fire       #####...     1%          3    None

Your spell library contained the following spells:

 Spells                   Type           Power        Failure   Level  Hunger
 Sting                    Tmut/Pois      ##..         2%          1    None
 Ignite Poison            Fire/Tmut/Pois ####....     2%          3    None
 Poisonous Vapours        Pois/Air       ##....       4%          2    None
 Olgreb's Toxic Radiance  Pois           ###.....     19%         4    ##.....


Dungeon Overview and Level Annotations

Branches:
Dungeon (7/15)             Temple (1/1) D:7

Altars:
Ashenzari
Cheibriados
Dithmenos
Elyvilon
Fedhas
Gozag
Hepliaklqana
Kikubaaqudgha
Makhleb
Nemelex Xobeh
Okawaru
Qazlal
Ru
Sif Muna
Trog
Uskayaw
Vehumet
Wu Jian
Xom
Yredelemnul
Zin
The Shining One

Shops:
D:4 [   D:5 (

Annotations:
D:7 2 transporters, othur's ghost, novice GrFi


Innate Abilities, Weirdness & Mutations

You possess an exceptional clarity of mind.
You are frail. (-10% HP)
Your spells are a little easier to cast, but a little less powerful.


Message History

The killer bee stings you.
* * * LOW HITPOINT WARNING * * *
The killer bee stings you but does no damage. x6
Casting: Sticky Flame (dangerous; 1% risk of failure)
Confirm with . or Enter, or press ? or * to list all spells.
Aiming: Sticky Flame (dangerous; 1% risk of failure)
Press: ? - help, Shift-Dir - straight line, f - killer bee
Aim: a killer bee (lightly wounded)
You feel a surge of power!
The sticky flame hits the killer bee!
The killer bee is almost dead.
The killer bee is covered in liquid flames!
You feel sick.
The killer bee burns!
You kill the killer bee!
Vehumet accepts your kill.
The killer bee stings you but does no damage. x3
The killer bee stings you.
* * * LOW HITPOINT WARNING * * *
The killer bee stings you but does no damage.
The killer bee stings you.
You die...

#....#........#........,,,,,,*,,,
#....#........#.......<.?,,,,*,,,
#....#........#..........,,,,*,,,
#....'........#..........,,,,**,,
#...##.......##..........,,,,****
#...##......†##..........,,,,,,,,
#....#...................,,,,,,,,
#.⌠8.#.........yyy...<...,,,,,,,,
................♣y.......,,,,,,,,
>.⌠8.........#######.....,,,,,,,,
.....#.......#*,,,**,....,,,,,,,,
#.⌠8.#.......#*,,,,*,,,,.,,,,,,,,
#..).#........,,,,,*,,,,,,,,,**,,
#...##.......,,,,,,*,,,,,,,,,**,,
.....'...,,,,,,,,,,*,,,,,,,,,,*,,
#...##..>,,,,**,,,**,,,,,,,,,,*,,
#...#*,..,,,,**,,,**,,,,,,,,,,*,,


You could see 4 killer bees.

Vanquished Creatures
  Prince Ribbit (D:5)
  A hippogriff (D:7)
  Sigmund (D:3)
  A hungry ghost (D:7)
  A water moccasin (D:7)
  An orc warrior (D:6)
  A sky beast (D:7)
  7 ogres
  A centaur (D:5)
  A bullfrog (D:7)
  A gnoll sergeant (D:4)
  A scorpion (D:5)
  A killer bee (D:7)
  2 howler monkeys
  A crimson imp (D:7)
  3 orc priests
  A hound (D:5)
  A bullfrog skeleton (D:6)
  Jessica (D:3)
  2 iguanas
  An orc wizard (D:4)
  5 worker ants
  Robin (D:3)
  10 gnolls
  10 adders
  2 oozes
  An adder zombie (D:3)
  An adder skeleton (D:4)
  A worm (D:2)
  2 dart slugs
  5 leopard geckos
  13 orcs
  4 giant cockroaches
  18 hobgoblins
  7 jackals
  7 kobolds
  A quokka (D:3)
  2 ball pythons
  7 bats
  4 frilled lizards
  10 goblins
  7 rats
149 creatures vanquished.

Vanquished Creatures (others)
  504 foxfires
504 creatures vanquished.

Grand Total: 653 creatures vanquished

Notes
Turn   | Place    | Note
-------+----------+-------------------------------------------
     0 | D:1      | snowfan the Deep Elf Fire Elementalist began the quest for
                  | the Orb.
     0 | D:1      | Reached XP level 1. HP: 10/10 MP: 6/6
   354 | D:1      | Reached XP level 2. HP: 5/15 MP: 6/8
   712 | D:1      | You fall into a shaft and drop 1 floor!
   716 | D:2      | Reached skill level 4 in Spellcasting
  1353 | D:2      | Reached XP level 3. HP: 19/19 MP: 7/10
  1413 | D:2      | Found a shattered altar of Ashenzari.
  1863 | D:2      | You fall into a shaft and drop 2 floors!
  1865 | D:4      | Reached skill level 5 in Spellcasting
  1872 | D:4      | Reached XP level 4. HP: 24/24 MP: 3/13
  1881 | D:4      | Noticed an ogre
  2064 | D:4      | Found Miez's Antique Armour Shop.
  2072 | D:4      | Bought a pair of embroidered gloves for 142 gold pieces
  2132 | D:4      | Reached skill level 6 in Spellcasting
  2132 | D:4      | Reached XP level 5. HP: 9/28 MP: 6/15
  2416 | D:4      | Learned a level 3 spell: Conjure Flame
  2420 | D:4      | Learned a level 3 spell: Inner Flame
  2430 | D:4      | Killed an ogre
  2430 | D:4      | Reached skill level 7 in Spellcasting
  2649 | D:4      | Noticed an ogre
  3008 | D:3      | Reached skill level 5 in Fire Magic
  3008 | D:3      | Reached XP level 6. HP: 31/32 MP: 15/18
  3079 | D:3      | Noticed Sigmund
  3400 | D:4      | Reached skill level 8 in Spellcasting
  3660 | D:4      | Reached XP level 7. HP: 36/36 MP: 0/21
  3870 | D:4      | Reached skill level 9 in Spellcasting
  4285 | D:3      | Killed Sigmund
  4413 | D:3      | Noticed Jessica
  4418 | D:3      | Killed Jessica
  4441 | D:3      | Reached XP level 8. HP: 36/41 MP: 15/23
  4501 | D:3      | Learned a level 4 spell: Sticky Flame
  4507 | D:3      | Learned a level 5 spell: Fireball
  4643 | D:3      | Noticed Robin
  4647 | D:3      | Killed Robin
  5465 | D:5      | Entered Level 5 of the Dungeon
  5525 | D:5      | Noticed Prince Ribbit
  5607 | D:5      | Killed Prince Ribbit
  5781 | D:5      | Found Osayj's Weapon Boutique.
  5798 | D:5      | Reached skill level 10 in Spellcasting
  7204 | D:6      | Learned a level 3 spell: Mephitic Cloud
  7446 | D:7      | Found a transporter.
  7452 | D:7      | Found a staircase to the Ecumenical Temple.
  7461 | D:7      | Noticed othur's ghost (novice GrFi)
  7464 | D:7      | Found a transporter.
  7477 | D:7      | Found a shimmering altar of Xom.
  7477 | D:7      | Found a shadowy altar of Dithmenos.
  7539 | D:7      | Reached skill level 5 in Conjurations
  7539 | D:7      | Reached XP level 9. HP: 45/45 MP: 21/25
  7595 | D:7      | Reached skill level 1 in Poison Magic
  7854 | Temple   | Entered the Ecumenical Temple
  7963 | Temple   | Became a worshipper of Vehumet
  8059 | D:7      | Gained mutation: Your spells are a little easier to cast,
                  | but a little less powerful. [potion of mutation]
  8059 | D:7      | Gained mutation: You are frail. (-10% HP) [potion of
                  | mutation]
  8059 | D:7      | Gained mutation: You possess an exceptional clarity of
                  | mind. [potion of mutation]
  8060 | D:7      | Slain by a killer bee

Illustrated notes

Levels and vault maps discovered:
D:1:      dpeg_arrival_pits, layout_basic, hex_medium
D:2:      layout_loops_ring, old_standard_altar, first_ration,
          chequers_big_river, minmay_cut_off
D:3:      layout_loops_cross, uniq_sigmund, uniq_jessica, uniq_robin
D:4:      layout_basic, serial_shops, nicolae_shop_trees
D:5:      layout_basic, serial_shops, nicolae_shop_crystal, uniq_prince_ribbit1
D:6:      layout_loops_ring
D:7:      layout_gridville, minmay_temple_entry_drinking_statues, basic_altar,
          gammafunk_ghost_arena, grunt_dithmenos_smoke
Temple:   kilobyte_greek_temple

Skill      XL: |  1  2  3  4  5  6  7  8  9 |
---------------+----------------------------+-----
Spellcasting   | 4 5 6 7 8 9 10 | 10.0
Fire Magic     | 4 5 7 9 |  9.7
Conjurations   | 5 6 |  6.4
Poison Magic   | 2 |  2.4
Dodging        | |  2.4
Stealth        | |  2.4

Action                   |  1- 3 |  4- 6 |  7- 9 || total
-------------------------+-------+-------+-------++-------
Melee: Short sword       |    18 |     8 |    24 ||    50
       Unarmed           |     1 |       |       ||     1
Throw: Stone             |       |       |     1 ||     1
 Cast: Foxfire           |    54 |    75 |   167 ||   296
       Conjure Flame     |       |     8 |     8 ||    16
       Sticky Flame      |       |       |    11 ||    11
       Inner Flame       |       |       |     3 ||     3
Evoke: Wand              |       |       |     1 ||     1
  Use: Scroll            |       |     1 |     3 ||     4
       Potion            |       |       |     5 ||     5
 Stab: Sleeping          |     1 |       |     1 ||     2
  Eat: Chunk             |     3 |     5 |    14 ||    22
Armor: Robe              |     1 |     5 |    22 ||    28
       Skin              |       |       |    37 ||    37
Dodge: Dodged            |    12 |    20 |    53 ||    85
